 Dungeon Crawl Stone Soup version 0.29.1-2-gbd0b4ee654 (webtiles) character file.

Game seed: 6551787184162353708

5 Raikaria the Shield-Bearer (level 1, -2/20 HPs)
             Began as a Djinni Fighter on Nov 10, 2022.
             Frozen to death by an endoplasm (7 damage)
             ... on level 1 of the Dungeon.
             The game lasted 00:00:18 (106 turns).

Raikaria the Shield-Bearer (Djinni Fighter)          Turns: 106, Time: 00:00:19

Health: -2/20      AC:  6    Str: 15    XL:     1   Next: 88%
Gold:   11         EV:  8    Int:  9    God:
                   SH:  4    Dex: 12

rFire   + + .      SeeInvis .   a - +0 rapier
rCold   x . .      Faith    .   c - +0 buckler
rNeg    . . .      Spirit   .   b - +0 scale mail
rPois   ∞          Reflect  .   (no helmet)
rElec   .          Harm     .   (no cloak)
rCorr   .          Rampage  .   (no gloves)
Will    .....                   (boots unavailable)
Stlth   ..........              (no amulet)
HPRegen 0.06/turn               (no ring)
MPRegen 0.00/turn               (no ring)

@: flying
A: sickness immunity, fire resistance 2, cold vulnerability 1, float, innate
caster, HP casting, extra vitality 1
a: no special abilities


You were on level 1 of the Dungeon.
You visited 1 branch of the dungeon, and saw 1 of its levels.

You collected 11 gold pieces.

Inventory:

Hand Weapons
 a - a +0 rapier (weapon)
Armour
 b - a +0 scale mail (worn)
 c - a +0 buckler (worn)
Potions
 d - a potion of might
 e - a potion of degeneration {unknown}


   Skills:
 - Level 3.0 Fighting
 + Level 2.2 Short Blades
 - Level 3.0 Armour
 - Level 3.0 Shields


You couldn't memorise any spells.
You didn't know any spells.
Your spell library was empty.

Dungeon Overview and Level Annotations

Branches:
Dungeon (1/15)

Altars:


Innate Abilities, Weirdness & Mutations

You are immune to sickness and miasma.
You are immune to poison.
Your flesh is very heat resistant. (rF++)
You are vulnerable to cold. (rC-)
You float through the air rather than walking.
You learn spells naturally, not from books.
Your magical power is your life essence.
You have superior vitality. (+4 MHP)


Message History

You hit the goblin.
The goblin is heavily wounded.
The goblin hits you but does no damage.
You closely miss the goblin.
The goblin is heavily wounded.
You block the goblin's attack. The goblin hits you with a +0 club.
You hit the goblin but do no damage.
The goblin is heavily wounded.
The goblin hits you with a +0 club.
The ball python attacks as you move away!
The ball python bites you. The goblin misses you.
The ball python attacks as you move away!
The ball python bites you. You block the ball python's attack.
The ball python attacks as you move away!
The ball python bites you but does no damage.
The ball python barely misses you. The ball python barely misses you.
The ball python closely misses you.
You see here a hobgoblin corpse.
You hit the ball python.
The ball python is severely wounded.
The ball python bites you but does no damage.
The ball python completely misses you.
You hit the ball python.
You kill the ball python!
You hit the goblin.
You kill the goblin!
You hit the kobold.
You kill the kobold!
The endoplasm hits you.
Items here: )) †††.
You hit the endoplasm but do no damage. The endoplasm freezes you.
You are frozen.
You feel a terrible chill!
You barely miss the endoplasm. The endoplasm hits you.
* * * LOW HITPOINT WARNING * * *
You hit the endoplasm.
The endoplasm is almost dead.
The endoplasm freezes you.
You are frozen!
You feel a terrible chill!
You die...

..#.....##..#.....
###..###.###..##
##.## ## .## ##..#
.. #..#..# ##.
###.##.## .# ...
#...##.# ...
#.##...#. #..
#@##.....# #...
##J...###...
#..##...#.# .#
#.......#....
####....###....#
#...........# ##
........#..##
...#.##...## .....
.....


You could see an endoplasm.

Vanquished Creatures
  2 ball pythons (D:1)
  A goblin (D:1)
  A hobgoblin (D:1)
  A kobold (D:1)
5 creatures vanquished.

Notes
Turn   | Place    | Note
-------+----------+-------------------------------------------
     0 | D:1      | Raikaria the Djinni Fighter began the quest for the Orb.
     0 | D:1      | Reached XP level 1. HP: 20/20 MP: 0/0
   106 | D:1      | Frozen to death by an endoplasm

Illustrated notes

Levels and vault maps discovered:
D:1:      elethiomel_arrival_infinity_welcomes_careful_drivers, layout_rooms,
          hellmonk_ecumenical_altar_blasted

Skill      XL: |  1 |
---------------+----+-----
Short Blades   | 2 |  2.2
Fighting       | |  3.0
Armour         | |  3.0
Shields        | |  3.0

Action                   || total
-------------------------++-------
Melee: Rapier            ||    15
Armor: Scale mail        ||     3
Dodge: Dodged            ||     7
Block: Buckler           ||     2
